 Dungeon Crawl Stone Soup version 0.18-a0-1577-gf591c28 (webtiles) character file.

286035 Tomstefer the Swordmaster (level 19, -7/189 HPs)
             Began as a Minotaur Berserker on Mar 17, 2016.
             Was the Champion of Trog.
             Mangled by a vault warden
             ... wielding a +0 battleaxe
              (34 damage)
             ... on level 2 of the Vaults.
             The game lasted 01:47:26 (45132 turns).

Tomstefer the Swordmaster (Minotaur Berserker)     Turns: 45132, Time: 01:47:26

Health: -7/189     AC: 32    Str: 27    XL:     19   Next: 82%
Magic:  27/27      EV: 11    Int:  4    God:    Trog [******]
Gold:   3985       SH:  0    Dex: 17    Spells: 0 memorised, 18 levels left

rFire  . . .     SeeInvis .     H - +4 triple sword (vamp)
rCold  + + .     Gourm    .     O - +3 chain mail {rC+}
rNeg   . . .     Faith    .     (shield currently unavailable)
rPois  .         Spirit   .     A - +2 hat
rElec  +         Dismiss  .     d - +2 cloak {MR+}
rCorr  .         Reflect  .     o - +0 pair of gloves "Onol" {Dex+2}
SustAt +         Harm     .     r - +0 pair of boots {run}
MR     ++...                    k - amulet of regeneration
Stlth  ..........               V - ring of Liberty {SustAt MP+9 Slay+2}
                                X - ring "Viwnajeu" {rElec rC+}

@: lethally poisoned (-7 -> -34), exhausted, about to teleport, slowed, very
slow, very resistant to hostile enchantments, extremely unstealthy
A: retaliatory headbutt, horns 2, iridescent scales 1, strong 1
a: Berserk, Trog's Hand, Brothers in Arms, Burn Spellbooks, Renounce Religion
}: 2/15 runes: decaying, serpentine


You were on level 2 of the Vaults.
You worshipped Trog.
Trog was exalted by your worship.
You were very hungry.

You visited 7 branches of the dungeon, and saw 36 of its levels.
You also visited: Ice Cave.

You collected 4358 gold pieces.
You spent 373 gold pieces at shops.

Inventory:

Hand Weapons
 H - a +4 vampiric triple sword (weapon)
 K - a +6 great sword of flaming
 S - a +3 great sword of holy wrath
Armour
 d - a +2 cloak of magic resistance (worn)
 o - the +0 pair of gloves "Onol" (worn) {Dex+2}
   (You acquired it on level 4 of the Snake Pit)

   It affects your dexterity (+2).
 r - a +0 pair of boots of running (worn)
 A - a +2 hat (worn)
 O - a +3 chain mail of cold resistance (worn)
Rods
 M - a +0 rod of shadows (10/10)
   (You found it on level 8 of the Dungeon)
Jewellery
 k - an amulet of regeneration (around neck)
 D - an uncursed ring of see invisible
 V - the ring of Liberty (right hand) {SustAt MP+9 Slay+2}
   (You found it on level 5 of the Lair of Beasts)

   [ring of sustain attributes]

   It sustains your strength, intelligence and dexterity.
   It affects your accuracy and damage with ranged weapons and melee attacks
   (+2).
   It affects your magic capacity (+9).
 X - the ring "Viwnajeu" (left hand) {rElec rC+}
   (You found it on level 4 of the Swamp)

   [ring of protection from cold]

   It protects you from cold.
   It insulates you from electricity.
Wands
 q - a wand of acid (2/15)
 v - a wand of teleportation (4/9)
 E - a wand of paralysis (8/24)
 J - a wand of disintegration (12/24)
 L - a wand of digging (9/24)
Scrolls
 a - a scroll of brand weapon
 b - 16 scrolls of remove curse
 e - 6 scrolls of enchant weapon
 n - a scroll of blinking
 s - 5 scrolls of fear
 t - 8 scrolls of teleportation
 u - 5 scrolls of recharging
 G - 3 scrolls of fog
 I - 10 scrolls of identify
 U - 6 scrolls of enchant armour
Potions
 c - a potion of berserk rage
 f - 13 potions of curing
 i - 4 potions of cancellation
 m - 8 potions of agility
 z - 4 potions of might
 C - a potion of invisibility
 F - 2 potions of cure mutation
 P - 4 potions of flight
 Q - 2 potions of resistance
 Z - 5 potions of haste
Miscellaneous
 w - a phial of floods
 N - 2 phantom mirrors
Comestibles
 g - 8 slices of pizza
 h - 26 chunks of flesh
 j - 19 meat rations
 x - 27 fruits
 B - 8 beef jerkies
 R - a royal jelly
 Y - 11 bread rations


   Skills:
 + Level 21.0 Fighting
 O Level 27 Long Blades
 + Level 20.2 Armour
 - Level 2.1 Dodging


You had 18 spell levels left.
You didn't know any spells.

Dungeon Overview and Level Annotations

Branches:
Dungeon (15/15)            Temple (0/1) D:6            Lair (8/8) D:9
  Swamp (4/4) Lair:5        Snake (4/4) Lair:5        Slime (0/6) Lair:8
    Orc (2/2) D:12            Elf (1/3) Orc:2        Vaults (2/5) D:14
 Depths (0/5) D:15
  Crypt: Vaults:2-3

Altars:
Ashenzari
Cheibriados
Dithmenos
Elyvilon
Fedhas
Gozag
Kikubaaqudgha
Makhleb
Nemelex Xobeh
Qazlal
Ru
Sif Muna
Trog
Vehumet
Xom
Yredelemnul
The Shining One

Shops:
D:5 [   D:7 !%[*   D:14 }   Orc:1 [   Orc:2 !%(:   Snake:1 [   Snake:3 [

Portals:
Pandemonium: Orc:2


Innate Abilities, Weirdness & Mutations

You reflexively headbutt those who attack you in melee.
You have a pair of horns on your head.
You are partially covered in iridescent scales (AC +4).
Your muscles are strong. (Str +2)


Message History

The vault guard closely misses you.
The vault guard hits you but does no damage.
Read which item? (? for menu, Esc to quit)
As you read the scroll of teleportation, it crumbles to dust.
You feel strangely unstable.
You feel very sick.
The vault guard hits you from afar with a halberd.
* * * LOW HITPOINT WARNING * * *
The vault warden hits you but does no damage.
The vault guard hits you from afar with a glaive of venom!!
* * * LOW HITPOINT WARNING * * *
You are more poisoned.
The vault guard hits you but does no damage.
Drink which item? (? for menu, Esc to quit)
You feel much better.
* * * LOW HITPOINT WARNING * * *
You feel very sick.
The vault guard hits you but does no damage.
The vault warden hits you with a battleaxe!!
You die...

#.......###.+.....+.##
#.......##..#######..#
###(######...........
#(.....##..........
#.(....##......)..
#......# .....pp
#.(....# #'pp#
#((....# #.)p#
#)(....# #.p@#
#.)))..# #####'####
#....>.# #.....}..#
#......# #........#
#......# #........#
#......# #........#
#......# #........#
#......# #).).....#
####'######)######'###


You could see a vault warden, 4 vault guards and an ironbrand convoker.

Vanquished Creatures
  Saint Roka (Orc:2)
  Rupert (Lair:4)
  Asterion (Elf:1)
  Gastronok (Lair:2)
  A thorn hunter (Swamp:2)
  An azure jelly (Lair:8)
  A tengu reaver (Vaults:1)
  Agnes (Elf:1)
  6 greater nagas
  Donald (Elf:1)
  A vault warden (Vaults:2)
  A deep elf sorcerer (Elf:1)
  Aizul (Snake:4)
  An orc warlord (Orc:1)
  5 ironheart preservers
  The ghost of namelastname112 the Grappler, a journeyman DrMo of Ru (D:13)
  Azrael (Elf:1)
  A deep elf annihilator (Vaults:1)
  5 vault guards
  4 fire dragons
  A yaktaur captain (D:15)
  Josephine (D:10)
  Fannar (Lair:3)
  3 ghost crabs
  20 hydras
  13 naga warriors
  10 death yaks
  2 death knights
  2 catoblepae (Lair:8)
  20 anacondas
  5 alligators
  6 centaur warriors
  3 dancing weapons (Elf:1)
  2 ogre magi
  18 naga sharpshooters
  Urug (D:10)
  9 shock serpents
  4 orc high priests (Orc:2)
  Sonja (Orc:2)
  A fire crab (Swamp:3)
  8 deep elf knights
  2 skeletal warriors
  5 salamander mystics
  3 sea snakes (Snake:4)
  7 unseen horrors
  11 naga ritualists
  10 deep elf archers
  A putrid demonspawn (Orc:2)
  2 torturous demonspawn (Orc:2)
  A wizard (Vaults:1)
  6 shambling mangroves
  3 ironbrand convokers (Vaults:1)
  A wolf spider zombie (D:15)
  11 swamp dragons
  7 orc knights
  5 orc sorcerers (Orc:2)
  Pikel (D:4)
  10 hill giants
  A harpy (shapeshifter) (Elf:1)
  5 lindwurms
  28 deep elf magi
  A wolf spider (Vaults:2)
  6 hornets
  4 griffons
  23 ugly things
  6 cyclopes
  A manticore (D:15)
  16 mana vipers
  6 salamanders
  A sixfirhy (Orc:2)
  A moth of wrath (shapeshifter) (Elf:1)
  A hornet (shapeshifter) (D:11)
  Joseph (D:9)
  An ice statue (IceCv)
  43 black mambas
  16 elephants
  17 naga magi
  10 guardian serpents (Snake:4)
  19 spiny frogs
  A gargoyle (D:10)
  3 torpor snails
  A kobold demonologist (D:15)
  A rime drake (Lair:6)
  9 komodo dragons
  3 freezing wraiths
  A yaktaur (shapeshifter) (D:11)
  6 yaktaurs
  8 ice devils (IceCv)
  7 trolls
  A polar bear (Lair:7)
  13 two-headed ogres
  7 giant leeches
  5 bog bodies
  15 slime creatures
  12 wind drakes (D:14)
  15 blink frogs
  A boulder beetle (Lair:5)
  A vampire (D:14)
  9 air elementals (D:14)
  A redback (Vaults:1)
  10 spriggans
  49 yaks
  3 shadows
  11 wraiths
  A ynoxinul (Orc:2)
  3 basilisks
  A golden eye (shapeshifter) (Vaults:1)
  12 hippogriffs
  5 hungry ghosts
  A chaos spawn (Orc:2)
  7 mottled dragons
  5 fire elementals
  26 vampire mosquitoes
  2 steam dragons (Swamp:4)
  18 swamp worms
  17 insubstantial wisps
  A warg (shapeshifter) (Vaults:1)
  29 nagas
  A warg (Orc:1)
  15 water moccasins
  2 hell hounds (Elf:1)
  17 swamp drakes
  14 ice beasts
  15 porcupines
  32 orc warriors
  17 wasps
  4 black bears
  3 phantoms
  7 sky beasts
  3 necrophages
  27 wolves
  An eye of draining (Orc:2)
  4 boggarts (Vaults:1)
  14 ogres
  19 orc wizards
  11 centaurs
  20 crocodiles
  5 big kobolds
  19 giant frogs
  2 wyvern zombies
  2 earth elementals (Elf:1)
  A water moccasin zombie (D:8)
  4 scorpions
  A water moccasin skeleton (D:12)
  9 killer bees
  12 wights
  5 howler monkeys
  2 electric eels (Lair:7)
  10 crimson imps
  4 centaur zombies
  A giant frog zombie (D:11)
  A quasit (D:11)
  A lava snake (Swamp:4)
  A wyvern simulacrum (D:15)
  6 hounds
  A giant frog skeleton (D:7)
  A gnoll shaman (D:4)
  18 orc priests
  6 jellies
  13 iguanas
  2 centaur skeletons
  8 worker ants
  22 sheep
  A hound zombie (D:7)
  2 hound skeletons
  A worker ant zombie (D:3)
  4 gnolls (D:4)
  A howler monkey skeleton (D:4)
  10 adders
  10 river rats
  4 shadow imps
  9 white imps (IceCv)
  4 ufetubi (IceCv)
  2 adder skeletons
  A worm (D:2)
  A ball lightning (D:14)
  6 giant geckos
  75 orcs
  9 bats
  A giant cockroach (D:1)
  9 goblins
  3 hobgoblins
  15 jackals
  15 kobolds
  4 quokkas
  2 ball pythons
  6 giant newts
  A jackal skeleton (D:4)
  A quokka skeleton (D:7)
  7 rats
1368 creatures vanquished.

Vanquished Creatures (collateral kills)
  A deep elf demonologist (Elf:1)
  A naga warrior (Snake:2)
  A hydra (D:8)
  A deep troll shaman (Lair:8)
  2 orc high priests (Orc:2)
  A soul eater (Orc:2)
  A lindwurm (Snake:4)
  A deep elf archer (Elf:1)
  5 deep elf magi (Elf:1)
  An orc sorcerer (Orc:2)
  A guardian serpent (Snake:4)
  A black mamba (Snake:2)
  An orange demon (Orc:2)
  3 naga magi
  An ice devil (Orc:2)
  A chaos spawn (Orc:2)
  5 nagas
  3 orc warriors (Orc:2)
  A big kobold (D:8)
  4 orc priests (Orc:2)
  7 orcs (Orc:2)
43 creatures vanquished.

Vanquished Creatures (others)
  A deep elf mage (Elf:1)
  A giant leech (Swamp:4)
  A swamp drake (Swamp:4)
  A slave (D:4)
  A worker ant (D:4)
  2 white imps (IceCv)
  2 ufetubi (IceCv)
  13 ball lightnings (D:14)
  6 orcs
  15 fungi
  11 plants
54 creatures vanquished.

Grand Total: 1465 creatures vanquished

Notes
Turn   | Place    | Note
--------------------------------------------------------------
     0 | D:1      | Tomstefer the Minotaur Berserker began the quest for the Orb.
     0 | D:1      | Reached XP level 1. HP: 19/19 MP: 0/0
   131 | D:1      | Reached skill level 4 in Long Blades
   134 | D:1      | Reached XP level 2. HP: 17/27 MP: 1/1
   382 | D:1      | Reached ** piety under Trog
   980 | D:2      | Reached XP level 3. HP: 33/33 MP: 2/2
  1028 | D:2      | Found a burning altar of Makhleb.
  1028 | D:2      | Found a basalt altar of Yredelemnul.
  1033 | D:2      | Found a white marble altar of Elyvilon.
  1276 | D:2      | Reached skill level 5 in Long Blades
  1364 | D:2      | Found a deep blue altar of Sif Muna.
  1368 | D:2      | Found a stormy altar of Qazlal.
  1639 | D:3      | Reached XP level 4. HP: 41/41 MP: 3/3
  2345 | D:4      | Noticed Pikel
  2346 | D:4      | Noticed a slave
  2346 | D:4      | Noticed a slave
  2350 | D:4      | Noticed a slave
  2350 | D:4      | Noticed a slave
  2360 | D:4      | Killed Pikel
  2360 | D:4      | Reached skill level 8 in Long Blades
  2360 | D:4      | Reached XP level 5. HP: 10/50 MP: 4/4
  2360 | D:4      | Reached XP level 6. HP: 11/57 MP: 5/5
  2360 | D:4      | Reached XP level 7. HP: 12/63 MP: 6/6
  2939 | D:4      | Reached *** piety under Trog
  2954 | D:4      | Reached skill level 9 in Long Blades
  3536 | D:4      | You fall through a shaft for 3 floors!
  3580 | D:6      | Found a shimmering altar of Xom.
  3607 | D:5      | Entered Level 5 of the Dungeon
  3612 | D:5      | Found a sacrificial altar of Ru.
  3630 | D:5      | Reached XP level 8. HP: 61/73 MP: 7/7
  3643 | D:5      | Found a shadowy altar of Dithmenos.
  4124 | D:5      | Reached skill level 10 in Long Blades
  4380 | D:5      | Found Cuotimus's Antique Armour Shop.
  4403 | D:5      | Got a serpentine bone ring
  4435 | D:5      | Found a radiant altar of Vehumet.
  4706 | D:5      | Identified the ring of Dialez {+Inv Str+2 Int+3 Stlth+} (You found it on level 5 of the Dungeon)
  4919 | D:6      | Found a staircase to the Ecumenical Temple.
  4949 | D:6      | Found a sparkling altar of Nemelex Xobeh.
  4950 | D:6      | Found an opulent altar of Gozag.
  5170 | D:6      | Reached skill level 11 in Long Blades
  5558 | D:7      | Found Xoroc's Assorted Antiques.
  5558 | D:7      | Found Vecil's Antique Armour Shoppe.
  5574 | D:7      | Reached XP level 9. HP: 25/82 MP: 8/8
  5856 | D:7      | Bought a fizzy black potion for 22 gold pieces
  5856 | D:7      | Bought a sapphire potion for 22 gold pieces
  5856 | D:7      | Bought a pair of glowing boots for 112 gold pieces
  5856 | D:7      | Bought a scroll of magic mapping for 87 gold pieces
  5861 | D:7      | Identified a +0 pair of boots of running (You bought it in a shop on level 7 of the Dungeon)
  6059 | D:7      | Reached skill level 5 in Armour
  6065 | D:7      | Found Wuew's Distillery.
  6082 | D:7      | Reached **** piety under Trog
  6239 | D:7      | Found Saeto's Food Shop.
  6323 | D:8      | Found a basalt altar of Yredelemnul.
  6336 | D:8      | Found a snail-covered altar of Cheibriados.
  6473 | D:8      | Reached skill level 12 in Long Blades
  6595 | D:8      | Found an ancient bone altar of Kikubaaqudgha.
  6598 | D:8      | Found a blossoming altar of Fedhas.
  6869 | D:8      | Noticed a three-headed hydra
  6877 | D:8      | Killed a four-headed hydra
  6882 | D:8      | Reached skill level 10 in Fighting
  7075 | D:8      | Noticed a troll
  7078 | D:8      | Noticed a hill giant
  7088 | D:8      | Noticed a centaur warrior
  7268 | D:9      | Noticed Joseph
  7279 | D:9      | Killed Joseph
  7279 | D:9      | Reached skill level 13 in Long Blades
  7279 | D:9      | Reached XP level 10. HP: 93/93 MP: 9/9
  7456 | D:9      | Found a staircase to the Lair.
  8535 | D:9      | Reached ***** piety under Trog
  8786 | D:10     | Entered Level 10 of the Dungeon
  8797 | D:10     | Noticed Josephine
  8805 | D:10     | Killed Josephine
  8805 | D:10     | Reached skill level 14 in Long Blades
  8847 | D:10     | Killed an unseen horror
  8941 | D:10     | Noticed a gargoyle
  8955 | D:10     | Killed a gargoyle
  8955 | D:10     | Reached XP level 11. HP: 59/102 MP: 10/10
  9285 | D:10     | Noticed a hill giant
  9292 | D:10     | Killed a hill giant
  9292 | D:10     | Reached skill level 15 in Long Blades
  9358 | D:10     | Noticed a green ugly thing
  9364 | D:10     | Killed a green ugly thing
  9415 | D:10     | Noticed Urug
  9426 | D:10     | Killed Urug
  9749 | D:10     | Gained mutation: Your body sometimes deteriorates upon taking damage. [potion of mutation]
  9749 | D:10     | Gained mutation: Your flesh is heat resistant. [potion of mutation]
  9749 | D:10     | Gained mutation: You possess an exceptional clarity of mind. [potion of mutation]
  9751 | D:10     | Lost mutation: Your flesh is heat resistant. [potion of cure mutation]
  9751 | D:10     | Lost mutation: You possess an exceptional clarity of mind. [potion of cure mutation]
  9751 | D:10     | Lost mutation: Your body sometimes deteriorates upon taking damage. [potion of cure mutation]
 10084 | D:11     | Noticed a hill giant
 10094 | D:10     | Killed a hill giant
 10300 | D:11     | Reached skill level 10 in Armour
 10870 | D:11     | Noticed an orb spider
 10874 | D:11     | an orb spider changed into a hornet
 10885 | D:11     | Reached skill level 16 in Long Blades
 10991 | D:11     | Noticed a skeletal warrior
 10992 | D:11     | Noticed a death knight
 11016 | D:11     | Killed a skeletal warrior
 11024 | D:11     | Killed a death knight
 11081 | D:11     | Reached XP level 12. HP: 36/113 MP: 11/11
 11666 | Lair:1   | Entered Level 1 of the Lair of Beasts
 11856 | Lair:1   | Received a gift from Trog
 12329 | Lair:1   | Reached skill level 17 in Long Blades
 12926 | Lair:2   | Noticed Gastronok
 12934 | Lair:2   | Killed Gastronok
 13253 | Lair:2   | Noticed a six-headed hydra
 13259 | Lair:2   | Killed a three-headed hydra
 13337 | Lair:2   | Reached skill level 18 in Long Blades
 13791 | Lair:3   | Noticed Fannar
 13797 | Lair:3   | Killed Fannar
 13797 | Lair:3   | Reached XP level 13. HP: 120/123 MP: 12/12
 14783 | Lair:4   | Noticed Rupert
 14794 | Lair:4   | Killed Rupert
 15962 | Lair:4   | Reached skill level 19 in Long Blades
 16142 | Lair:5   | Reached ****** piety under Trog
 16175 | Lair:5   | Received a gift from Trog
 16231 | Lair:5   | Found a frozen archway.
 16349 | IceCv    | Entered an ice cave
 17627 | Lair:5   | Found a staircase to the Snake Pit.
 18070 | Lair:5   | Got a polished ring mail
 18081 | Lair:5   | Identified the cursed +1 ring mail of Paranoia {rF- Int+2 SInv} (You found it on level 5 of the Lair of Beasts)
 18089 | Lair:5   | Got a crude bone ring
 18092 | Lair:5   | Identified the ring of Liberty {SustAt MP+9 Slay+2} (You found it on level 5 of the Lair of Beasts)
 18362 | Lair:5   | Received a gift from Trog
 18688 | Lair:5   | Found a staircase to the Swamp.
 18690 | Lair:5   | Reached XP level 14. HP: 111/133 MP: 13/13
 19069 | Lair:6   | Reached skill level 15 in Fighting
 19379 | Lair:6   | You fall through a shaft for 2 floors!
 19379 | Lair:8   | Entered Level 8 of the Lair of Beasts
 19408 | Lair:8   | Reached skill level 20 in Long Blades
 19468 | Lair:8   | Found a glowing golden altar of the Shining One.
 19575 | Lair:8   | Found a staircase to the Slime Pits.
 20060 | Lair:8   | Received a gift from Trog
 20125 | Lair:8   | Noticed an azure jelly
 20135 | Lair:8   | Killed an azure jelly
 21170 | Lair:7   | Received a gift from Trog
 21262 | Lair:7   | Reached skill level 21 in Long Blades
 22790 | D:12     | Received a gift from Trog
 22790 | D:12     | Reached XP level 15. HP: 144/144 MP: 14/14
 22810 | D:12     | Got a crystal long sword {god gift}
 22832 | D:12     | Identified the +10 long sword of Trog's Outrage {freeze, Str+3} (Trog gifted it to you on level 12 of the Dungeon)
 22856 | D:12     | Found a staircase to the Orcish Mines.
 23041 | Orc:1    | Entered Level 1 of the Orcish Mines
 23047 | Orc:1    | Found Bink's Antique Armour Shoppe.
 23156 | Orc:2    | Entered Level 2 of the Orcish Mines
 23163 | Orc:2    | Paralysed by an orc sorcerer for 3 turns
 23225 | Orc:2    | Noticed Saint Roka
 23240 | Orc:2    | Killed Saint Roka
 23473 | Orc:2    | Found Xoaz's Distillery.
 23474 | Orc:2    | Found Liabetz's Food Shop.
 23476 | Orc:2    | Noticed Sonja
 23482 | Orc:2    | Killed Sonja
 23514 | Orc:2    | Reached skill level 15 in Armour
 23863 | Orc:2    | Received a gift from Trog
 23960 | Orc:2    | Found Catz's Antique Weapon Emporium.
 23960 | Orc:2    | Found a one-way gate leading to the halls of Pandemonium.
 23960 | Orc:2    | Found Cerap's Book Shoppe.
 24038 | Orc:2    | Found a staircase to the Elven Halls.
 24452 | Orc:1    | Found a bloodstained altar of Trog.
 24734 | Orc:1    | Noticed an orc warlord
 24738 | Orc:1    | Killed an orc warlord
 24790 | Orc:1    | Bought a glowing cloak for 130 gold pieces
 24914 | D:13     | Reached skill level 22 in Long Blades
 24938 | D:13     | Noticed namelastname112's ghost (journeyman DrMo)
 24944 | D:13     | Killed namelastname112's ghost
 25009 | D:13     | Gained mutation: Your muscles are strong. (Str +2) [potion of beneficial mutation]
 25010 | D:13     | Gained mutation: You are partially covered in iridescent scales (AC +4). [potion of beneficial mutation]
 25382 | D:13     | Found a glowing golden altar of the Shining One.
 26091 | D:14     | Found a gate to the Vaults.
 26114 | D:14     | Received a gift from Trog
 26254 | D:14     | Reached XP level 16. HP: 149/155 MP: 15/15
 26971 | D:14     | Received a gift from Trog
 27092 | D:14     | Found Tieguadupt's Gadget Emporium.
 27335 | D:14     | Reached skill level 23 in Long Blades
 27372 | D:15     | Entered Level 15 of the Dungeon
 27387 | D:15     | Found a shattered altar of Ashenzari.
 28036 | D:15     | Found a staircase to the Depths.
 28482 | D:8      | Got a bloodstained scale mail
 28558 | D:8      | Identified the cursed +0 scale mail of the Lost Path {Int+4} (You found it on level 8 of the Dungeon)
 28570 | D:8      | Identified a +0 rod of shadows (10/10) (You found it on level 8 of the Dungeon)
 28783 | Elf:1    | Entered Level 1 of the Elven Halls
 28787 | Elf:1    | Noticed Azrael
 28877 | Elf:1    | Killed Azrael
 29039 | Elf:1    | Received a gift from Trog
 29541 | Elf:1    | Noticed Donald
 29551 | Elf:1    | Killed Donald
 29756 | Elf:1    | Noticed Asterion
 29771 | Elf:1    | Noticed Agnes
 29772 | Elf:1    | Killed Asterion
 29783 | Elf:1    | Killed Agnes
 30005 | Elf:1    | Identified the Papyrus of Summoning
 30367 | Elf:1    | Received a gift from Trog
 30367 | Elf:1    | Reached XP level 17. HP: 158/163 MP: 16/16
 30490 | Elf:1    | Reached skill level 24 in Long Blades
 31141 | Swamp:1  | Entered Level 1 of the Swamp
 31169 | Swamp:1  | Found a shimmering altar of Xom.
 32428 | Swamp:2  | Received a gift from Trog
 34356 | Swamp:4  | Entered Level 4 of the Swamp
 34408 | Swamp:4  | Got a twitching granite ring
 34624 | Swamp:3  | Identified the ring "Viwnajeu" {rElec rC+} (You found it on level 4 of the Swamp)
 34771 | Swamp:3  | Received a gift from Trog
 35915 | Swamp:4  | Reached skill level 25 in Long Blades
 36602 | Swamp:4  | Got a decaying rune of Zot
 37157 | Swamp:4  | Reached XP level 18. HP: 166/176 MP: 17/17
 37446 | Snake:1  | Entered Level 1 of the Snake Pit
 37648 | Snake:1  | Received a gift from Trog
 37796 | Snake:1  | Found Iruelosmil's Antique Armour Shoppe.
 37969 | Snake:1  | Received a gift from Trog
 39529 | Snake:3  | Found an opulent altar of Gozag.
 39623 | Snake:3  | Received a gift from Trog
 39894 | Snake:3  | Found Risubbeo's Armour Emporium.
 40278 | Snake:4  | Entered Level 4 of the Snake Pit
 40391 | Snake:4  | Received a gift from Trog
 40403 | Snake:4  | Reached skill level 26 in Long Blades
 40694 | Snake:4  | Identified a scroll of acquirement
 40695 | Snake:4  | Got a slimy plate armour
 40706 | Snake:4  | Identified the +0 plate armour of Sloth {Int+4 Stlth+} (You acquired it on level 4 of the Snake Pit)
 40847 | Snake:4  | Noticed Aizul
 41115 | Snake:4  | Killed Aizul
 41410 | Snake:4  | Received a gift from Trog
 41690 | Snake:4  | Reached XP level 19. HP: 180/185 MP: 18/18
 41780 | Snake:4  | Got a pair of bloodstained gloves
 41791 | Snake:4  | Identified the +0 pair of gloves "Onol" {Dex+2} (You acquired it on level 4 of the Snake Pit)
 42052 | Snake:4  | Received a gift from Trog
 42847 | Snake:4  | Got a serpentine rune of Zot
 43249 | Vaults:1 | Entered Level 1 of the Vaults
 43493 | Vaults:1 | Received a gift from Trog
 43858 | Vaults:1 | Reached skill level 27 in Long Blades
 45132 | Vaults:2 | Mangled by a vault warden

Vault maps used:
D:1:      lightli_molten_gateway, minmay_misc_feat_square, supply_closet_lemuel
D:2:      elyvilon_altar_4, gammafunk_temple_overflow_wave,
          grunt_temple_overflow_open, serial_corexii_hall,
          corexii_hall_statues_deadend, corexii_hall_statues_deadend,
          first_bread
D:4:      uniq_pikel
D:5:      nicolae_ru_sacrificial_ziggurat, kennysheep_little_box, serial_shops,
          shop_statue, nicolae_dithmenos_through_a_glass_darkly
D:6:      grunt_temple_overflow_opulence, lemuel_coloured_pillars_altar,
          lemuel_temple_firewalk
D:7:      serial_shops, shop_statue, shop, kennysheep_mini_moat,
          nicolae_shop_crystal
D:8:      grunt_temple_overflow_growth_and_decay, cheibriados_altar_1,
          basic_altar, hangedman_ranch, minivault_12
D:9:      lair_0_dummy, uniq_joseph
D:10:     onia_ninara_cookie, uniq_urug, uniq_josephine
D:12:     lemuel_upstairs_altar, david_orc_4
D:13:     basic_altar, lemuel_nasty_fountain
D:14:     lightli_vaults_fourway_checkpoint, minmay_stone_trees_medium,
          serial_shops, shop, aerie_lemuel
D:15:     grunt_enter_depths_snipers, nicolae_ashenzari_panopticon
Lair:2:   uniq_gastronok
Lair:3:   uniq_fannar
Lair:4:   uniq_rupert
Lair:5:   minmay_swamp_entry_worms, guppyfry_snake_entry_island,
          portal_ice_cave_entry_ice_beasts, grunt_megastairs_5
Lair:7:   onia_ninara_swampy_vault, disabler_island, serial_bayou_shore_b
Lair:8:   grunt_lair_end_beastmaster, slime_dummy, basic_altar
Swamp:1:  basic_altar
Swamp:2:  evilmike_swamp_ruin_house_6, infiniplex_staircase_pool_2
Swamp:3:  hangedman_swamp_pad, swamp_pool1
Swamp:4:  swamp_fiery, swamp_pool5
Snake:1:  serial_shops, nicolae_shop_trees, grunt_megastairs_2
Snake:3:  basic_altar, serial_shops, nicolae_shop_crystal, st_stairs_8
Snake:4:  snake_pit_salamanders_mu, nrook_guardian_serpent_double,
          serial_bayou_shore_a, uniq_roxanne, uniq_aizul
Orc:1:    basic_altar, serial_shops, nicolae_shop_statue_plus
Orc:2:    pf_orc_diabolical, uniq_saint_roka, uniq_sonja
Elf:1:    minmay_elf_arrival_plus, minmay_elf_demonology, uniq_donald,
          uniq_asterion, uniq_agnes, uniq_azrael
Vaults:1: ontoclasm_vaults_ring_large, nicolae_vaults_asterisk,
          nicolae_vaults_quadrants, vaults_room_ringed_pool, vaults_room_fours,
          dpeg_vaults_monster_box, nicolae_vaults_little_squares_4
Vaults:2: ontoclasm_vaults_ligature, nicolae_vaults_meeting,
          nicolae_vaults_diagonal_hallway_6,
          vaults_standard_mumra_enter_the_diamond, ontoclasm_vaults_pinch,
          ontoclasm_vaults_ring_small, v_alt_pattern_1, v_misc_22,
          ontoclasm_vaults_decontamination, hangedman_vaults_corner_blocks,
          grunt_vaults_funnel, nicolae_vaults_little_squares_2,
          vaults_room_door_ring, grunt_vaults_diagonal,
          vaults_dpeg_encased_lava, ontoclasm_vaults_fault, v_misc_14
IceCv:    ice_cave_small_demon

Skill      XL: |  1  2  3  4  5  6  7  8  9 10 11 12 13 14 15 16 17 18 19 |
---------------+----------------------------------------------------------+-----
Long Blades    | 4 5 8 9 11 13 14 16 18 19 21 22 23 25 26 27 | 27.0
Fighting       | 4 6 7 8 10 11 12 13 14 16 17 18 19 20 21 | 21.0
Armour         | 4 7 8 10 12 13 14 16 17 18 19 20 | 20.2
Dodging        | |  2.1

Action                   |  1- 3 |  4- 6 |  7- 9 | 10-12 | 13-15 | 16-18 | 19-21 || total
-------------------------+-------+-------+-------+-------+-------+-------+-------++-------
Melee: Falchion          |    81 |    41 |   322 |    21 |       |       |       ||   465
       Long sword        |       |       |       |   285 |       |       |       ||   285
       Great sword       |       |       |       |   297 |   568 |   397 |       ||  1262
       Triple sword      |       |       |       |       |   456 |   938 |   381 ||  1775
Invok: Berserk           |       |     1 |     3 |     9 |    12 |    14 |     8 ||    47
       Burn Spellbooks   |       |       |     2 |     1 |     6 |     9 |     1 ||    19
       Trog's Hand       |       |       |     1 |     2 |     4 |     3 |     1 ||    11
       Brothers in Arms  |       |       |     1 |     1 |     4 |     3 |     3 ||    12
Evoke: Wand              |       |       |       |       |       |     1 |       ||     1
  Use: Scroll            |       |       |    21 |     5 |    14 |    16 |     3 ||    59
       Potion            |       |       |       |     6 |     4 |    11 |     5 ||    26
 Stab: Distracted        |       |       |       |       |       |     1 |     1 ||     2
       Confused          |       |       |       |       |       |     1 |       ||     1
  Eat: Chunk             |     2 |     2 |    19 |    33 |    38 |    29 |    13 ||   136
       Bread ration      |       |       |       |     1 |     3 |     1 |       ||     5
       Fruit             |       |       |       |       |     2 |    11 |     1 ||    14
       Pizza             |       |       |       |       |       |     5 |       ||     5
       Royal jelly       |       |       |       |       |       |     4 |       ||     4
       Meat ration       |       |       |       |       |       |     2 |     1 ||     3
